 Dungeon Sprint DCSS version 0.21-a0-270-g8204059 (webtiles) character file.

2198 potatolord6000 the Apostle (level 9, -6/92 HPs)
             Began as a Hill Orc Monk on Sept 13, 2017.
             Was a High Priest of Beogh.
             Mangled by a hell rat (13 damage)
             ... summoned by a deep elf mage
             ... in the Dungeon (Sprint VII: "The Pits").
             The game lasted 00:04:15 (522 turns).

potatolord6000 the Apostle (Hill Orc Monk)           Turns: 522, Time: 00:04:17

Health: -6/92      AC: 22    Str: 25    XL:     9   Next: 34%
Magic:  2/18       EV:  4    Int: 10    God:    Beogh [*****.]
Gold:   0          SH:  0    Dex: 13    Spells: 8/8 levels left

rFire    + . .     SeeInvis .   s - +2 morningstar (protect)
rCold    + . .     Gourm    .   (no shield)
rNeg     . . .     Faith    .   t - +3 plate armour
rPois    +         Spirit   .   (no helmet)
rElec    +         Reflect  .   (no cloak)
rCorr    +         Harm     .   b - +0 pair of gloves
MR       .....     NoTele   +   (no boots)
Stlth    ..........             (no amulet)
HPRegen  0.25/turn              a - +3 ring of protection
MPRegen  0.16/turn              d - +3 ring of strength

@: mighty, lethally poisoned (-6 -> -13), resistant, held, drained
A: walk on water
a: Smiting, Recall Orcish Followers, Give Item to Named Follower, Renounce
Religion


You were in the Dungeon.
You worshipped Beogh.
Beogh was extremely pleased with you.
You were not hungry.

You visited 1 branch

Inventory:

Hand Weapons
 s - a +2 morningstar of protection (weapon)
Armour
 b - a +0 pair of gloves (worn)
 t - a +3 plate armour (worn)
Jewellery
 a - a +3 ring of protection (left hand)
 d - a +3 ring of strength (right hand)
Scrolls
 i - a scroll of blinking
 k - 3 scrolls of remove curse
 l - 5 scrolls of amnesia
 m - a scroll of summoning
Potions
 g - 4 potions of magic
 h - 4 potions of berserk rage
 j - 2 potions of curing
 p - a potion of brilliance
 q - a potion of might
Comestibles
 c - 8 bread rations
 n - 40 fruits
 o - 7 meat rations


   Skills:
 + Level 12.6(11.8) Fighting
   Level 5.8(9.4) Axes
 + Level 10.8(10.5) Maces & Flails
 + Level 11.2(10.4) Armour
 - Level 2.4(1.8) Dodging
 - Level 1.5(1.0) Stealth
 + Level 13.0(12.2) Invocations


You had 8 spell levels left.
You didn't know any spells.

Dungeon Overview and Level Annotations

Branches:
Dungeon (1/1)

Altars:
Ashenzari
Cheibriados
Dithmenos
Elyvilon
Fedhas
Gozag
Hepliaklqana
Kikubaaqudgha
Makhleb
Nemelex Xobeh
Okawaru
Qazlal
Ru
Sif Muna
Trog
Uskayaw
Vehumet
Wu Jian
Xom
Yredelemnul
Zin
The Shining One
Beogh
Jiyva
Lugonu


Message History

Smite: a deep elf mage, wielding a dagger (heavily wounded)
You smite the deep elf mage!
The deep elf mage is almost dead.
You can no longer revive fallen orcs.
You feel sick. The jumping spider pounces on you.
* * * LOW HITPOINT WARNING * * *
You are caught in a web!
The jumping spider bites you but does no damage.
The hell rat bites you.
* * * LOW HITPOINT WARNING * * *
You feel drained.
* * * LOW HITPOINT WARNING * * *
The jumping spider leaps!
The hell rat bites you!
* * * LOW HITPOINT WARNING * * *
You feel drained.
* * * LOW HITPOINT WARNING * * *
The jumping spider pounces on you but does no damage.
The jumping spider bites you but does no damage.
The hell rat bites you!
You die...

____.# ____.#
__...###########++######
####'##................#
)))'.##......#..#......#
####.##...........)§...+
......'........o.......+
#'#####......#so#s.....#
..#..##........o@§o....#
..#))#####'#####rr######
###))##.......##he#
..#))##.......##r)h.
..#[[##.......##3.....
.)#'###...<...##..#####
..)..##.......##..+
.....##.......##..#
#######.......##..#


You could see a deep elf mage, a neqoxec, 2 jumping spiders, 3 hell rats, 2
hounds, a friendly orc priest, the friendly Learuk the orc priest, a friendly
orc wizard and a friendly orc.

Vanquished Creatures
  A deep elf knight (D)
  A deep elf mage (D)
  A red devil (D)
  A warg (D)
  A centaur (D)
  A gnoll sergeant (D)
  A crimson imp (D)
  An orc priest (D)
  2 orc wizards (D)
  Terence (D)
  2 gnolls (D)
  A river rat (D)
  3 ufetubi (D)
  An adder skeleton (D)
  A goblin (D)
  A hobgoblin (D)
  A quokka (D)
  3 kobolds (D)
  A leopard gecko simulacrum (D)
25 creatures vanquished.

Vanquished Creatures (collateral kills)
  2 deep elf magi (D)
  A cyclops (D)
  An acid dragon (D)
4 creatures vanquished.

Vanquished Creatures (others)
  An orc knight (D)
  A flying skull (D)
  A porcupine (D)
  An orc wizard (D)
  2 gnolls (D)
  An adder skeleton (D)
  2 orcs (D)
9 creatures vanquished.

Grand Total: 38 creatures vanquished

Notes
Turn   | Place    | Note
-------+----------+-------------------------------------------
     0 | D        | potatolord6000 the Hill Orc Monk began the quest for the Orb.
     0 | D        | Reached XP level 1. HP: 19/19 MP: 1/1
    25 | D        | Found a bloodstained altar of Trog.
    25 | D        | Found a deep blue altar of Sif Muna.
    25 | D        | Found a viscous altar of Jiyva.
    25 | D        | Found a hazy altar of Hepliaklqana.
    25 | D        | Found an opulent altar of Gozag.
    52 | D        | Found a glowing golden altar of the Shining One.
    52 | D        | Found a glowing silver altar of Zin.
    52 | D        | Found a basalt altar of Yredelemnul.
    52 | D        | Found a shimmering altar of Xom.
    52 | D        | Found an ornate altar of the Wu Jian Council.
    52 | D        | Found a sacrificial altar of Ru.
    52 | D        | Found a stormy altar of Qazlal.
    52 | D        | Found an iron altar of Okawaru.
    52 | D        | Found a sparkling altar of Nemelex Xobeh.
    52 | D        | Found a burning altar of Makhleb.
    52 | D        | Found a blossoming altar of Fedhas.
    52 | D        | Found a white marble altar of Elyvilon.
    52 | D        | Found a shadowy altar of Dithmenos.
    52 | D        | Found a snail-covered altar of Cheibriados.
    54 | D        | Found a radiant altar of Vehumet.
    54 | D        | Found a corrupted altar of Lugonu.
    54 | D        | Found a roughly hewn altar of Beogh.
    56 | D        | Found an ancient bone altar of Kikubaaqudgha.
    56 | D        | Found a hide-covered altar of Uskayaw.
    56 | D        | Found a shattered altar of Ashenzari.
    64 | D        | Became a worshipper of Beogh the Brigand
    64 | D        | Reached * piety under Beogh
    64 | D        | Reached ** piety under Beogh
    86 | D        | Reached skill level 1 in Armour
    86 | D        | Reached skill level 2 in Invocations
    86 | D        | Reached XP level 2. HP: 28/28 MP: 1/3
    94 | D        | Reached skill level 5 in Axes
   102 | D        | Reached *** piety under Beogh
   115 | D        | Reached skill level 3 in Invocations
   121 | D        | Reached **** piety under Beogh
   121 | D        | Reached skill level 5 in Fighting
   121 | D        | Reached XP level 3. HP: 23/36 MP: 3/5
   258 | D        | Noticed a flying skull
   260 | D        | Noticed a porcupine
   261 | D        | Noticed a centaur
   262 | D        | Noticed a gnoll sergeant
   266 | D        | Killed a flying skull
   266 | D        | Reached skill level 5 in Armour
   266 | D        | Reached skill level 6 in Invocations
   266 | D        | Reached XP level 4. HP: 41/45 MP: 2/8
   266 | D        | Reached XP level 5. HP: 47/51 MP: 2/9
   269 | D        | Killed a porcupine
   269 | D        | Reached skill level 5 in Maces & Flails
   269 | D        | Reached skill level 7 in Invocations
   279 | D        | Reached XP level 6. HP: 40/61 MP: 4/11
   290 | D        | Reached skill level 8 in Invocations
   292 | D        | Reached ***** piety under Beogh
   307 | D        | Noticed a warg
   317 | D        | Killed a warg
   317 | D        | Reached skill level 9 in Invocations
   320 | D        | Noticed an acid dragon
   325 | D        | Killed an acid dragon
   325 | D        | Reached XP level 7. HP: 58/71 MP: 10/14
   328 | D        | Noticed Terence
   348 | D        | Reached skill level 10 in Fighting
   350 | D        | Killed Terence
   350 | D        | Reached skill level 10 in Invocations
   359 | D        | Noticed a cyclops
   374 | D        | Killed a cyclops
   374 | D        | Reached skill level 11 in Invocations
   374 | D        | Reached XP level 8. HP: 50/81 MP: 14/16
   494 | D        | Noticed a deep elf mage
   495 | D        | Noticed a deep elf mage
   495 | D        | Noticed a red devil
   495 | D        | Noticed a deep elf knight
   495 | D        | Noticed a deep elf mage
   497 | D        | Noticed a redback
   497 | D        | Noticed a jumping spider
   498 | D        | Noticed a deep elf mage
   500 | D        | Noticed an orange demon
   500 | D        | Killed a deep elf mage
   512 | D        | Noticed a jumping spider
   512 | D        | Noticed a jumping spider
   516 | D        | Killed a deep elf mage
   516 | D        | Reached skill level 10 in Armour
   517 | D        | Killed a deep elf knight
   517 | D        | Reached ****** piety under Beogh
   517 | D        | Reached skill level 10 in Maces & Flails
   517 | D        | Reached skill level 12 in Invocations
   517 | D        | Reached XP level 9. HP: 30/90 MP: 13/18
   520 | D        | Killed a red devil
   520 | D        | Gained Learuk as an ally
   521 | D        | Killed a deep elf mage
   521 | D        | Reached skill level 13 in Invocations
   522 | D        | Mangled by a hell rat

Vault maps used:
D:        pitsprint

Skill      XL: |  1  2  3  4  5  6  7  8  9 |
---------------+----------------------------+-----
Fighting       | 4 5 6 8 9 10 12 | 12.6
Armour         | 1 2 5 6 8 9 10 11 | 11.2
Invocations    | 2 3 6 7 9 11 12 13 | 13.0
Axes           | 5 |  5.8
Maces & Flails | 4 5 7 8 10 | 10.8
Dodging        | |  2.4
Stealth        | |  1.5

Action                   |  1- 3 |  4- 6 |  7- 9 || total
-------------------------+-------+-------+-------++-------
Melee: Hand axe          |    25 |       |       ||    25
       Flail             |     4 |    39 |    30 ||    73
       Morningstar       |       |       |    11 ||    11
Invok: Smiting           |     1 |       |     5 ||     6
  Use: Potion            |     4 |     3 |    12 ||    19
 Stab: Invisible         |     3 |     2 |       ||     5
       Sleeping          |     1 |       |       ||     1
Armor: Robe              |     2 |       |       ||     2
       Plate armour      |     7 |    32 |    75 ||   114
Dodge: Dodged            |    25 |    14 |    35 ||    74

Table legend:
 A = Spawn XP
 B = Non-spawn XP
 C = Spawn XP percentage of total XP
 D = Spawn monster count
 E = Non-spawn monster count
 F = Spawn count percentage of total count
 G = Total turns spent on level
                    A         B        C        D         E        F      G
               +---------+---------+-------+---------+---------+-------+---------
         Total |       0 |    3141 |   0.0 |       0 |      32 |   0.0 |   522
               +---------+---------+-------+---------+---------+-------+---------
             D |       0 |    3141 |   0.0 |       0 |      32 |   0.0 |   522
               +---------+---------+-------+---------+---------+-------+---------
